 Dungeon Crawl Stone Soup version 0.28-a0-46-g7b1be97da7 (webtiles) character file.

Game seed: 11853840081833095792

158 sanka the Chopper (level 5, -1/43 HPs)
             Began as a Palentonga Abyssal Knight on July 29, 2021.
             Was a Believer of Lugonu.
             Splashed by a jelly's acid (8 damage)
             ... on level 4 of the Dungeon.
             The game lasted 00:05:44 (4093 turns).

sanka the Chopper (Palentonga Abyssal Knight)       Turns: 4093, Time: 00:05:45

Health: -1/43      AC:  1    Str: 16    XL:     5   Next: 16%
Magic:  6/6        EV:  9    Int: 13    God:    Lugonu [**....]
Gold:   137        SH:  0    Dex:  9    Spells: 4/4 levels left

rFire   . . .      SeeInvis +   a - +0 war axe
rCold   . . .      Faith    .   (no shield)
rNeg    . . .      Spirit   .   b - +0 leather armour
rPois   .          Reflect  .   e - +0 helmet
rElec   .          Harm     .   (no cloak)
rCorr   .          Rampage  .   (no gloves)
Will    .....                   (no barding)
Stlth   +.........              (no amulet)
HPRegen 0.14/turn               (no ring)
MPRegen 0.10/turn               (no ring)

@: corroded
A: large, rugged brown scales 3, see invisible, deformed body, roll 1, armoured
tail
a: Rolling Charge, Renounce Religion, Depart the Abyss, Bend Space


You were on level 4 of the Dungeon.
You worshipped Lugonu.
Lugonu was pleased with you.
You visited 1 branch of the dungeon, and saw 4 of its levels.
You visited the Abyss 1 time.

You collected 137 gold pieces.


Innate Abilities, Weirdness & Mutations

You are completely covered in rugged brown scales. (AC +3, +7% HP)
You have supernaturally acute eyesight. (SInv)
Armour fits poorly on your strangely shaped body.
You can roll at nearby foes to attack.
You have a long armoured tail.


   Skills:
 - Level 3.0 Fighting
 + Level 5.4 Axes
 - Level 1.5 Armour
 - Level 0.7 Dodging
 - Level 2.0 Invocations


You had 4 spell levels left.
You didn't know any spells.
Your spell library was empty.

Inventory:

Hand Weapons
 a - a +0 war axe (weapon)
Armour
 b - a +0 leather armour (worn)
 e - a +0 helmet (worn)
Scrolls
 c - 2 scrolls of acquirement {unknown}
 d - a scroll of noise {unknown}
 f - 2 scrolls of amnesia {unknown}
 h - 3 scrolls of identify {unknown}
 i - a scroll of fear {unknown}
 k - 2 scrolls of magic mapping {unknown}
Potions
 g - a potion of brilliance {unknown}
 j - a potion of ambrosia {unknown}
 l - a potion of curing {unknown}
 m - 2 potions of haste {unknown}
 n - a potion of lignification {unknown}
 o - 2 potions of might {unknown}
 p - a potion of heal wounds {unknown}

Dungeon Overview and Level Annotations

Branches:
Dungeon (4/15)
 Temple: D:4-7

Altars:
Dithmenos
Okawaru
Wu Jian
Xom

Annotations:
D:2 Sigmund

▒. ▒▒▒... ......▒.▒▒
+▒▒.....
▒.....▒..▒▒▒▒▒.[▒▒.... ▒▒▒▒▒
▒.....▒.....▒J...▒....
▒....▒▒.....▒>.J..'g...▒....
▒....▒▒.....▒▒K▒▒.▒▒..▒▒(..O
▒....▒▒.....▒▒.▒▒..▒▒▒▒..▒▒▒
▒....▒▒.....▒▒O▒▒.......▒▒▒▒
▒....▒▒....HJJg▒▒...........
▒..(.▒▒▒▒▒(▒K▒▒▒▒.....▒▒▒▒▒.
▒..........▒.▒ ▒......▒ ▒.
▒..).▒▒▒▒▒▒▒.▒ ▒....▒.▒▒ ▒.
▒....▒ ▒.▒ ▒.▒▒▒▒..▒ ▒.
▒..).▒ ▒.▒ ▒.▒ ▒▒.▒ ▒.
▒....▒ ▒.▒ ▒.▒▒▒▒▒.▒▒▒.
▒....▒ ▒.▒ ▒.▒......▒▒.
▒▒▒.▒▒▒▒▒▒▒▒.▒▒ ▒.▒....▒.▒▒.


You could see an ogre, a jelly, an endoplasm, a hobgoblin and a kobold.


Message History

The jelly hits you.
You are splashed with acid!
You hit the jelly but do no damage.
Your hands burn!
You tail-slap the jelly, but do no damage.
The jelly is moderately wounded.
You hit the kobold but do no damage. The jelly closely misses you.
The kobold hits you with a +0 club.
* * * LOW HITPOINT WARNING * * *
You hit the jelly.
Your hands burn!
* * * LOW HITPOINT WARNING * * *
The jelly is severely wounded.
You hit the kobold but do no damage. The jelly hits you.
* * * LOW HITPOINT WARNING * * *
You are splashed with acid!
* * * LOW HITPOINT WARNING * * *
The kobold barely misses you. The jelly closely misses you.
The kobold hits you with a +0 club.
* * * LOW HITPOINT WARNING * * *
You barely miss the jelly.
The jelly is severely wounded.
You hit the kobold but do no damage. The jelly hits you.
* * * LOW HITPOINT WARNING * * *
You are splashed with acid!
You die...

Action                   |  1- 3 |  4- 6 || total
-------------------------+-------+-------++-------
Melee: Hand axe          |   114 |    26 ||   140
       Tailslap          |     5 |     7 ||    12
       War axe           |       |    34 ||    34
Invok: Depart the Abyss  |     1 |       ||     1
Armor: Leather armour    |    51 |    15 ||    66
Dodge: Dodged            |    60 |    34 ||    94

Levels and vault maps discovered:
D:1:      matt_arrival_diagonals, layout_basic, shapermc_ecumenical_altar_venn,
          chequers_serial_rivers_small_b, corexii_hall_statues_deadend
D:2:      layout_rooms, minmay_fractal_squares_gapless_5,
          uniq_crazy_yiuf_cottage, uniq_sigmund
D:3:      layout_rooms, mainiacjoe_overflow_concentric_impassable,
          mainiacjoe_overflow_alcove_4, nicolae_dithmenos_shadow_blocks,
          dk_xom_monty_hall
D:4:      layout_basic, fedhas_altar_2, minmay_joined_circles

Notes
Turn   | Place    | Note
-------+----------+-------------------------------------------
     0 | Abyss:1  | sanka the Palentonga Abyssal Knight began the quest for the
                  | Orb.
     0 | Abyss:1  | Reached XP level 1. HP: 19/19 MP: 2/2
    28 | Abyss:1  | Found a shimmering blue altar of Sif Muna.
    74 | Abyss:1  | Noticed an ancient zyme
   109 | D:1      | Escaped the Abyss
   224 | D:1      | Found a faded altar of an unknown god.
   387 | D:1      | Reached * piety under Lugonu
   398 | D:1      | Reached XP level 2. HP: 17/25 MP: 3/3
   891 | D:1      | Reached skill level 3 in Axes
  1217 | D:2      | Noticed Sigmund
  1646 | D:2      | Noticed a necrophage
  2002 | D:2      | Reached XP level 3. HP: 28/31 MP: 4/4
  2451 | D:3      | Reached ** piety under Lugonu
  2452 | D:3      | Reached skill level 4 in Axes
  2769 | D:3      | Reached XP level 4. HP: 37/37 MP: 5/5
  2770 | D:3      | Found an iron altar of Okawaru.
  2873 | D:3      | Found a shimmering altar of Xom.
  3508 | D:3      | Found an ornate altar of the Wu Jian Council.
  3535 | D:3      | Found a shadowy altar of Dithmenos.
  3561 | D:3      | Reached skill level 5 in Axes
  3677 | D:3      | Reached XP level 5. HP: 37/43 MP: 6/6
  3822 | D:4      | Noticed an ogre
  4080 | D:4      | Noticed an ogre
  4093 | D:4      | Splashed by a jelly's acid

Vanquished Creatures
  2 jellies (D:3)
  4 adders
  A worm (D:2)
  3 orcs (D:3)
  5 ball pythons
  2 bats
  3 endoplasms
  5 giant cockroaches
  4 goblins
  6 hobgoblins
  An iguana (D:3)
  2 jackals (D:1)
  7 kobolds
  2 quokkas
  5 frilled lizards
  5 rats
57 creatures vanquished.
